 Dungeon Crawl Stone Soup version 0.28.0-1-gb440e238dd (webtiles) character file.

Game seed: 5512943174887251290

191 spaghetti the Ruffian (level 5, -10/36 HPs)
             Began as an Octopode Berserker on Feb 20, 2022.
             Was a Believer of Trog.
             Mangled by an ogre (15 damage)
             ... on level 4 of the Dungeon.
             The game lasted 00:02:52 (4039 turns).

spaghetti the Ruffian (Octopode Berserker)          Turns: 4039, Time: 00:02:53

Health: -10/36     AC:  1    Str: 19    XL:     5   Next: 70%
Magic:  6/6        EV: 13    Int:  9    God:    Trog [**....]
Gold:   150        SH:  0    Dex: 11    Spells: 4/4 levels left

rFire   . . .      SeeInvis .     - Unarmed
rCold   . . .      Faith    .   (no shield)
rNeg    . . .      Spirit   .   h - +0 hat
rPois   .          Reflect  .   (no amulet)
rElec   .          Harm     .   (no ring)
rCorr   .          Rampage  .   (no ring)
Will    +....                   (no ring)
Stlth   ++........              (no ring)
HPRegen 0.12/turn               (no ring)
MPRegen 0.10/turn               (no ring)
                                (no ring)
                                (no ring)

@: no status effects
A: almost no armour, amphibious, 8 rings, camouflage 1, gelatinous body 1,
(nimble swimmer 1), tentacles, antennae 1, high MP 2, strong-willed 1
a: Renounce Religion, Berserk, Trog's Hand


You were on level 4 of the Dungeon.
You worshipped Trog.
Trog was pleased with you.
You visited 1 branch of the dungeon, and saw 4 of its levels.

You collected 150 gold pieces.

Inventory:

Missiles
 b - a throwing net (quivered)
Armour
 h - a +0 hat (worn)
Scrolls
 a - 3 scrolls of identify
 c - a scroll of immolation {unknown}
 i - 2 scrolls of enchant weapon {unknown}
Potions
 d - a potion of magic {unknown}
 e - a potion of berserk rage {unknown}
 g - a potion of curing {unknown}
 j - 2 potions of degeneration {unknown}
 k - a potion of attraction {unknown}


   Skills:
 - Level 3.0 Fighting
 - Level 3.0 Dodging
 + Level 6.2 Unarmed Combat


You had 4 spell levels left.
You didn't know any spells.
Your spell library was empty.

Dungeon Overview and Level Annotations

Branches:
Dungeon (4/15)
 Temple: D:4-7

Altars:
Elyvilon


Innate Abilities, Weirdness & Mutations

You cannot wear most types of armour.
You are amphibious.
You can wear up to eight rings at the same time.
Your skin changes colour to match your surroundings (Stealth+).
Your rubbery body absorbs attacks. (AC +1, EV +1)
((You are camouflaged when in or above water. (Stealth+)))
You have tentacles for arms and can constrict up to eight enemies at once.
You have a pair of small antennae on your head.
You have a considerably increased reservoir of magic. (+20% MP)
You are strong-willed. (Will+)


Message History

You squeeze the jackal, but do no damage.
You constrict the jackal. The jackal closely misses you. The jackal bites you.
You tentacle-slap the jackal.
You kill the jackal!
Trog accepts your kill.
The jackal bites you but does no damage.
The jackal barely misses you.
You closely miss the hobgoblin. Your grab misses the hobgoblin.
Your squeeze misses the hobgoblin. The hobgoblin misses you.
The jackal barely misses you.
You tentacle-slap the hobgoblin. Your grab misses the hobgoblin.
Your squeeze misses the hobgoblin.
The hobgoblin is heavily wounded.
The jackal barely misses you. The hobgoblin closely misses you.
You completely miss the hobgoblin. You grab the hobgoblin.
The hobgoblin is heavily wounded.
You constrict the hobgoblin.
The jackal bites you but does no damage.
The ogre closely misses you. The iguana barely misses you.
The hobgoblin barely misses you.
You tentacle-slap the hobgoblin.
You kill the hobgoblin!
Trog accepts your kill. The jackal barely misses you.
The iguana closely misses you.
The ogre hits you with a +0 giant spiked club!!
Ouch! That really hurt!
* * * LOW HITPOINT WARNING * * *
The jackal barely misses you. The jackal completely misses you.
The jackal bites you.
* * * LOW HITPOINT WARNING * * *
The jackal bites you.
* * * LOW HITPOINT WARNING * * *
Okay, then.
It was a potion of cancellation.
You feel magically purged. The jackal bites you.
* * * LOW HITPOINT WARNING * * *
The iguana barely misses you.
The ogre hits you with a +0 giant spiked club!
You die...

#.......##
.........#
.........#
.........#
.........#
.>...!...#####
#.......#....#
.......<.l...#
.........h@..#
.........O...#
.............#
............##
#...[.......#
....$..#....#
###.#.##....#
.. #..###


You could see an ogre, an iguana and a jackal.

Vanquished Creatures
  Crazy Yiuf (D:3)
  Robin (D:2)
  6 adders
  A white imp (D:3)
  2 worms (D:2)
  A dart slug (D:1)
  An orc (D:3)
  5 ball pythons
  An endoplasm (D:1)
  2 giant cockroaches (D:2)
  13 goblins
  8 hobgoblins
  11 jackals
  3 kobolds
  8 quokkas
  5 bats
  3 frilled lizards
  8 rats
80 creatures vanquished.

Vanquished Creatures (others)
  2 plants
2 creatures vanquished.

Grand Total: 82 creatures vanquished

Notes
Turn   | Place    | Note
-------+----------+-------------------------------------------
     0 | D:1      | spaghetti the Octopode Berserker began the quest for the
                  | Orb.
     0 | D:1      | Reached XP level 1. HP: 16/16 MP: 1/1
   126 | D:1      | Reached XP level 2. HP: 13/21 MP: 2/2
   461 | D:1      | Found a faded altar of an unknown god.
   465 | D:1      | Reached skill level 4 in Unarmed Combat
   799 | D:1      | Reached XP level 3. HP: 17/26 MP: 3/3
  1207 | D:2      | Noticed Robin
  1223 | D:2      | Killed Robin
  1776 | D:2      | Reached XP level 4. HP: 31/31 MP: 4/4
  1790 | D:2      | Reached skill level 5 in Unarmed Combat
  1814 | D:2      | Reached ** piety under Trog
  2533 | D:2      | Reached XP level 5. HP: 36/36 MP: 5/5
  2910 | D:2      | Gained mutation: You have an increased reservoir of magic.
                  | (+10% MP) [potion of mutation]
  2910 | D:2      | Gained mutation: You have a considerably increased
                  | reservoir of magic. (+20% MP) [potion of mutation]
  2910 | D:2      | Gained mutation: You have a pair of small antennae on your
                  | head. [potion of mutation]
  2910 | D:2      | Gained mutation: You are strong-willed. (Will+) [potion of
                  | mutation]
  3244 | D:3      | Found a runed translucent door.
  3245 | D:3      | Noticed Crazy Yiuf
  3280 | D:3      | Killed Crazy Yiuf
  3281 | D:3      | Reached skill level 6 in Unarmed Combat
  3832 | D:3      | Found a white marble altar of Elyvilon.
  4028 | D:4      | Noticed an ogre
  4039 | D:4      | Mangled by an ogre

Illustrated notes

Levels and vault maps discovered:
D:1:      amcnicky_arrival_underground_garden, layout_basic,
          chequers_ecumenical_altar_lobes
D:2:      minmay_razor_zed, layout_basic, serial_co_window_serial,
          co_window_of_opportunity_a, co_window_corner_a, co_window_corner_a,
          co_window_paths_a, co_window_paths_b, co_window_corner_a,
          co_window_corner_a, co_window_broadway_a, co_window_corner_ca,
          co_window_paths_c, co_window_corner_cb, co_window_broadway_a,
          glass_columns_a, glass_columns_a, uniq_robin
D:3:      layout_basic, mainiacjoe_overflow_cross_hatched, chequers_big_river,
          minmay_misc_feat_five, uniq_crazy_yiuf_cottage
D:4:      layout_rooms, eat_drink_and_be_merry_uskayaw,
          nicolae_wu_jian_immortal_techniques

Skill      XL: |  1  2  3  4  5 |
---------------+----------------+-----
Unarmed Combat | 4 5 6 |  6.2
Fighting       | |  3.0
Dodging        | |  3.0

Action                   |  1- 3 |  4- 6 || total
-------------------------+-------+-------++-------
Melee: Unarmed           |    66 |    84 ||   150
       Constrict         |    20 |    25 ||    45
       Tentacles         |    10 |    19 ||    29
       Punch             |     1 |     3 ||     4
Invok: Berserk           |     1 |     1 ||     2
  Use: Scroll            |     2 |     1 ||     3
       Potion            |       |     2 ||     2
 Stab: Sleeping          |     3 |     1 ||     4
Armor: Skin              |     6 |    10 ||    16
Dodge: Dodged            |    45 |    69 ||   114
